Map: Одиссея РВ

Players

ИИ 1 (новичок) - Winner!

  • Race: Terran Terran
  • Spawn Location: 11:00

Doll

  • Race: Zerg Zerg
  • Spawn Location: 5:00

VOD

Have the link to the VOD?

Description

Time

  • Played on: April 16, 2022, 8:26 a.m.
  • Length: 12:19
Show
View Real Time Build Order
Export as new Build Order

ИИ 1 (новичок) Terran - Winner!

Build Orders: Reaper Expand 

Get SALT Encoding   

  12  0:00  SCV  
  13  0:13  SCV  
  14  0:18  Supply Depot  
  14  0:43  Barracks  
  14  1:03  Command Center  
  14  1:32  Orbital Command, Marine, Supply Depot  
  15  1:38  Refinery  
  15  1:49  Refinery  
  15  1:57  SCV  
  16  2:10  SCV  
  17  2:15  SCV  
  17  2:17  Reaper  
  19  2:23  SCV  
  20  2:30  SCV  
  21  2:37  SCV  
  22  2:44  SCV  
  22  2:51  SCV, Refinery  
  23  2:58  Marine, SCV  
  26  3:05  SCV  
  27  3:13  SCV  
  27  3:17  Factory  
  28  3:20  SCV  
  29  3:38  Marine  
  30  3:41  Refinery  
  30  3:42  SCV  
  31  3:49  SCV  
  31  3:55  Supply Depot  
  32  3:56  SCV  
  33  4:03  SCV  
  33  4:04  Starport  
  34  4:10  SCV  
  35  4:17  SCV  
  35  4:20  Reaper  
  37  4:24  SCV  
  38  4:32  SCV  
  38  4:36  Supply Depot  
  39  4:39  SCV  
  39  4:43  Starport Tech Lab  
  40  4:46  SCV  
  40  4:52  Barracks Tech Lab  
  41  4:53  SCV  
  42  5:00  SCV  
  42  5:02  Raven  
  45  5:08  SCV  
  45  5:10  Marine  
  47  5:15  SCV  
  48  5:45  Raven  
  50  5:51  Marine  
  51  6:32  Marauder  
  53  7:28  SCV  
  53  10:35  Factory Tech Lab, Medivac  
  55  10:38  Supply Depot  
  55  10:57  Siege Tank  
  58  11:02  Supply Depot  
  58  11:05  Medivac  
  51  11:21  Marine  
  51  11:25  Command Center  
  52  11:35  Raven  
  54  11:46  Marine  
Show
View Real Time Build Order
Export as new Build Order

Doll Zerg 

Build Orders: Pool First 

Get SALT Encoding   

  12  0:00  Drone  
  13  0:12  Overlord  
  13  0:17  Drone  
  14  0:30  Drone x2  
  14  0:35  Drone  
  17  0:46  Spawning Pool  
  17  0:48  Drone  
  17  0:52  Extractor  
  17  0:56  Drone  
  17  1:07  Overlord  
  17  1:17  Drone  
  18  1:36  Queen, Hatchery  
  19  1:41  Zergling x2  
  20  1:48  Zergling x2  
  20  1:52  Drone  
  22  1:59  Spine Crawler  
  21  2:01  Drone  
  22  2:11  Drone  
  23  2:18  Roach Warren  
  23  2:22  Drone  
  23  2:29  Queen  
  23  2:33  Drone  
  26  2:45  Drone x3  
  26  2:48  Drone  
  30  2:53  Drone  
  30  2:58  Extractor  
  30  3:01  Drone  
  30  3:02  Overlord  
  31  3:09  Drone  
  31  3:11  Roach  
  34  3:18  Roach  
  36  3:22  Spine Crawler  
  36  3:24  Roach  
  37  3:28  Roach  
  37  3:31  Roach  
  41  3:36  Overlord  
  41  3:41  Drone  
  41  3:42  Drone  
  41  3:44  Drone  
  44  3:49  Overlord  
  44  3:55  Drone x2  
  46  3:58  Drone  
  46  4:00  Drone  
  48  4:08  Baneling Nest, Drone  
  48  4:13  Drone  
  48  4:14  Spore Crawler  
  48  4:16  Drone  
  49  4:22  Queen  
  51  4:29  Roach  
  51  4:30  Roach  
  56  4:31  Zergling x2  
  56  4:35  Overlord  
  56  4:41  Spore Crawler  
  55  4:46  Drone x3  
  55  4:47  Drone  
  55  4:49  Drone  
  60  4:53  Overlord  
  60  4:55  Drone  
  60  4:57  Drone  
  60  4:59  Drone  
  63  5:04  Drone  
  64  5:09  Evolution Chamber  
  63  5:17  Drone  
  63  5:19  Drone  
  65  5:22  Drone  
  65  5:24  Hatchery  
  65  5:28  Lair  
  65  5:32  Extractor, Drone  
  65  5:33  Extractor, Drone x2  
  65  5:34  Drone  
  67  5:36  Drone  
  67  5:41  Baneling x3  
  67  5:42  Baneling x3  
  68  5:44  Zergling x2  
  68  5:45  Zergling x2  
  68  5:46  Zergling x2  
  68  5:48  Zergling x2  
  72  5:54  Drone  
  73  6:01  Zerg Melee Weapons Level 1  
  73  6:03  Drone  
  73  6:04  Drone  
  75  6:05  Evolution Chamber  
  75  6:07  Evolution Chamber  
  75  6:09  Drone  
  75  6:11  Metabolic Boost  
  74  6:15  Drone  
  74  6:16  Drone  
  74  6:17  Overlord  
  76  6:18  Overlord  
  76  6:25  Overseer  
  76  6:26  Overseer  
  76  6:28  Pneumatized Carapace  
  76  6:32  Zerg Ground Armor Level 1  
  76  6:33  Zerg Missile Weapons Level 1  
  76  6:36  Centrifugal Hooks  
  76  6:41  Drone x3  
  76  6:42  Drone  
  76  6:44  Drone  
  81  6:53  Drone x2  
  81  6:54  Hydralisk Den, Drone  
  84  6:57  Glial Reconstitution  
  84  7:00  Drone x2  
  85  7:02  Drone  
  85  7:03  Drone  
  85  7:07  Drone  
  88  7:08  Queen  
  88  7:12  Drone  
  88  7:13  Drone  
  88  7:14  Overlord  
  92  7:18  Overlord  
  92  7:20  Drone x2  
  92  7:21  Drone  
  92  7:22  Drone  
  96  7:25  Extractor  
  96  7:27  Spore Crawler, Extractor  
  96  7:29  Drone x2  
  94  7:33  Overlord  
  94  7:38  Drone  
  95  7:44  Spire, Drone  
  95  7:45  Drone x3  
  95  7:46  Drone  
  95  7:47  Infestation Pit  
  95  7:48  Queen  
  100  7:55  Drone x2  
  100  7:56  Drone  
  103  8:02  Overlord  
  103  8:03  Drone  
  103  8:05  Hatchery  
  103  8:09  Drone x3  
  103  8:10  Drone  
  107  8:13  Drone  
  107  8:14  Overlord  
  107  8:17  Queen  
  107  8:18  Queen  
  112  8:21  Drone  
  112  8:26  Drone x2  
  115  8:32  Drone x2  
  117  9:07  Hive  
  117  9:18  Zerg Melee Weapons Level 2  
  117  9:19  Zerg Missile Weapons Level 2  
  117  9:21  Zerg Ground Armor Level 2  
  117  9:29  Burrow  
  117  9:56  Lurker Den  
  116  10:20  Greater Spire  
  116  10:25  Adrenal Glands  
  116  10:26  Ultralisk Cavern  
Tags
 
Add a new tag
Caveats
  • Supply blocks, unpowered buildings, or Contaminate may cause inaccurate times.
  • Supply counts are checked every 10 seconds.